 Dungeon Crawl Stone Soup version 0.32-a0-468-g38b2580584 (webtiles) character file.

Game seed: 12640834441889423347

79 mopl the Vexing (level 4, -6/28 HPs)
             Began as an Octopode Hexslinger on Feb 24, 2024.
             Mangled by Robin
             ... wielding a +1 whip of electrocution
              (20 damage)
             ... on level 2 of the Dungeon.
             The game lasted 00:01:32 (904 turns).

mopl the Vexing (Octopode Hexslinger)                Turns: 904, Time: 00:01:34

Health: -6/28      AC:  1    Str:  7    XL:     4   Next: 38%
Magic:  6/6        EV: 13    Int: 15    God:
Gold:   33         SH:  0    Dex: 16    Spells: 1/6 levels left

rFire   . . .        (no weapon)
rCold   . . .        (no shield)
rNeg    . . .        (helmet restricted)
rPois   .            (no amulet)
rElec   .            (no ring)
rCorr   .            (no ring)
SInv    .            (no ring)
Will    .....        (no ring)
Stlth   ++           (no ring)
HPRegen 0.24/turn    (no ring)
MPRegen 0.10/turn    (no ring)
                     (no ring)

%: no passive effects
@: no status effects
A: almost no armour, amphibious, 8 rings, camouflage 1, gelatinous body 1,
(nimble swimmer 1), tentacles
a: no special abilities


You were on level 2 of the Dungeon.
You visited 1 branch of the dungeon, and saw 2 of its levels.

You collected 33 gold pieces.

Inventory:

Hand Weapons
 a - a +1 sling
Missiles
 e - 2 poisoned darts
 i - 5 boomerangs
Scrolls
 b - a scroll of poison
 d - a scroll of identify {unknown}
 f - a scroll of summoning {unknown}
 h - a scroll of amnesia {unknown}
Potions
 c - 2 potions of brilliance {unknown}
 g - a potion of curing {unknown}
 j - a potion of resistance {unknown}


   Skills:
 - Level 1.0 Fighting
 * Level 3.5 Ranged Weapons
 - Level 2.0 Dodging
 + Level 1.9 Spellcasting
 + Level 3.5 Hexes
 - Level 1.0 Fire Magic


You had one spell level left.
You knew the following spells:

 Your Spells              Type           Power      Damage    Failure   Level
a - Jinxbite              Hex            24%        N/A       8%          2
b - Sigil of Binding      Hex            12%        N/A       16%         3

Your spell library contained the following spells:

 Spells                   Type           Power      Damage    Failure   Level
 Inner Flame              Hex/Fire       8%         N/A       26%         3
 Cause Fear               Hex            6%         N/A       45%         4
 Dimensional Bullseye     Hex/Tloc       3%         N/A       71%         4


Dungeon Overview and Level Annotations

Branches:
Dungeon (2/15)

Altars:

Annotations:
D:2 Robin


Innate Abilities, Weirdness & Mutations

You cannot wear most types of armour.
You are amphibious.
You can wear up to eight rings at the same time.
Your skin changes colour to match your surroundings (Stealth+).
Your rubbery body absorbs attacks. (AC +1, EV +1)
((You are camouflaged when in or above water. (Stealth+)))
You have tentacles for arms and can constrict up to eight enemies at once.


Message History

You shoot a sling bullet. The sling bullet hits the goblin.
You kill the goblin!
You shoot a sling bullet.
The sling bullet hits Robin but does no damage.
You shoot a sling bullet. The sling bullet hits Robin.
Robin is moderately wounded.
You shoot a sling bullet. The sling bullet barely misses Robin.
Robin completely misses you. Robin barely misses you.
You shoot a sling bullet. The sling bullet barely misses Robin.
Robin misses you.
You shoot a sling bullet.
The sling bullet hits Robin but does no damage.
Robin is moderately wounded.
Robin misses you.
You shoot a sling bullet. The sling bullet hits Robin.
Robin is moderately wounded.
Robin hits you with a +1 whip of electrocution.
You shoot a sling bullet. The sling bullet barely misses Robin.
Robin misses you.
You shoot a sling bullet. The sling bullet closely misses Robin.
Robin hits you with a +1 whip of electrocution.
Robin misses you.
You are now empty-tentacled.
You tentacle-slap Robin but do no damage.
You grab Robin.
Robin is moderately wounded.
You constrict Robin, but do no damage. Robin closely misses you.
You tentacle-slap Robin but do no damage.
You squeeze Robin, but do no damage.
Robin is moderately wounded.
You constrict Robin.
Robin hits you with a +1 whip of electrocution.
You tentacle-slap Robin but do no damage.
Robin is moderately wounded.
You constrict Robin.
Robin hits you with a +1 whip of electrocution.
You are electrocuted!!
Ouch! That really hurt!
You die...
Robin calls out, "Let's celebrate!
Time for a feast!"

#.##.#..## #..> #.
#......# #... #.
#....#..# #... #
#....##.# #....# ...
##...# .. ## #.#..# .
#. #...^# .)# #.
#...@# .)g.#######.
#.#.g# #gg....##.
##..)# #....#. #....#
#.##...
##...##########.##...
#.#..............#g#.
#................#.#.
#......g†..g.....#g#.
#.#..............#)#.


You could see Robin.

Vanquished Creatures
  Jessica (D:2)
  An adder (D:2)
  A dart slug (D:1)
  4 endoplasms
  A giant cockroach (D:2)
  10 goblins
  7 hobgoblins
  2 ball pythons (D:2)
  4 bats
  2 frilled lizards
  3 kobolds
  3 rats
39 creatures vanquished.

Notes
Turn   | Place    | Note
-------+----------+-------------------------------------------
     0 | D:1      | mopl the Octopode Hexslinger began the quest for the Orb.
     0 | D:1      | Reached XP level 1. HP: 13/13 MP: 2/2
   136 | D:1      | Reached XP level 2. HP: 14/18 MP: 3/3
   227 | D:1      | Learned a level 2 spell: Jinxbite
   432 | D:2      | Noticed Jessica
   435 | D:2      | Killed Jessica
   436 | D:2      | Reached skill level 3 in Ranged Weapons
   436 | D:2      | Reached XP level 3. HP: 23/23 MP: 5/5
   513 | D:2      | Learned a level 3 spell: Sigil of Binding
   594 | D:2      | Reached XP level 4. HP: 24/28 MP: 6/6
   860 | D:2      | Noticed Robin
   904 | D:2      | Mangled by Robin

Illustrated notes

Levels and vault maps discovered:
D:1:      dpeg_arrival_leaves_temple_mockup, layout_rooms
D:2:      wad_river_or_something, layout_basic, uniq_robin, uniq_jessica

Skill      XL: |  1  2 |
---------------+-------+-----
Ranged Weapons | 3 |  3.5
Fighting       | |  1.0
Dodging        | |  2.0
Spellcasting   | |  1.9
Hexes          | |  3.5
Fire Magic     | |  1.0

Action                     |  1- 3 |  4- 6 || total
---------------------------+-------+-------++-------
  Melee: Unarmed           |       |     3 ||     3
         Constrict         |       |     1 ||     1
         Tentacles         |       |     1 ||     1
   Fire: Sling             |    62 |    50 ||   112
 Armour: Skin              |    12 |    11 ||    23
  Dodge: Dodged            |    17 |    12 ||    29

Table legend: (Time is in decaauts)
 A = Elapsed time spent in this place.
 B = Non-inter-level travel time spent in this place.
 C = Inter-level travel time spent in this place.
 D = Time resting spent in this place.
 E = Time spent auto-exploring this place.
 F = Levels seen in this place.
 G = Mean time per level.
                   A        B        C        D        E       F      G
               +--------+--------+--------+--------+--------+-----+--------+
         Total |    931 |    927 |      4 |     54 |    621 |   2 |  465.5 |
       Dungeon |    931 |    927 |      4 |     54 |    621 |   2 |  465.5 |
               +--------+--------+--------+--------+--------+-----+--------+

Top non-repeatable levels by time:
     D:2: 488 daAuts
     D:1: 443 daAuts
